TOP OF THE 1ST |
Boston Red Sox batting - Pitching for Seattle Mariners : LHP Tommy John
|
Pitching: LHP Tommy John
|
|
Batting: LHB Larry Harlow
|
0-0: Bunted foul 0-1: Foul Ball, location: 2F 0-2: Ball 1-2: Ball 2-2: Ground out 4-3 (Groundball, 34, EV 90.0 MPH)
|
Batting: LHB Claudell Washington
|
0-0: Foul Ball, location: 2F 0-1: Swinging Strike 0-2: Ball 1-2: Fly out, F8 (Flyball, 8RS, EV 81.3 MPH)
|
Batting: SHB Reggie Smith
|
0-0: Ball 1-0: Ball 2-0: Ball 3-0: Called Strike 3-1: Swinging Strike 3-2: Foul Ball, location: 2F 3-2: SINGLE (Flyball, 3D, EV 96.3 MPH)
|
Batting: LHB Willie Aikens
|
0-0: Called Strike Pickoff Throw to First - Out! 1-3
|
Top of the 1st over - 0 runs, 1 hit, 0 errors, 0 left on base; Boston 0 - Seattle 0 |
BOTTOM OF THE 1ST |
Seattle Mariners batting - Pitching for Boston Red Sox : LHP Gary Pickert
|
Pitching: LHP Gary Pickert
|
|
Batting: LHB Jose Perales
|
0-0: Ball 1-0: Called Strike 1-1: Called Strike 1-2: Ball 2-2: Foul Ball, location: 2F 2-2: Fly out, F7 (Flyball, 7, EV 91.3 MPH)
|
Batting: LHB Mike Stenhouse
|
0-0: Ball 1-0: Foul Ball, location: 2F 1-1: Ball 2-1: Foul Ball, location: 2F 2-2: Ground out 4-3 (Groundball, 4, EV 110.0 MPH)
|
Batting: RHB Tony Conigliaro
|
0-0: Ball 1-0: Ball 2-0: SINGLE (Flyball, 3D, EV 87.5 MPH)
|
Batting: RHB Bobby Bonds
|
0-0: Ball 1-0: Called Strike 1-1: Ball 2-1: Ball 3-1: SINGLE (Groundball, 6MS, EV 71.9 MPH) (infield hit) Tony Conigliaro to second
|
Batting: RHB Ryne Sandberg
|
0-0: Called Strike 0-1: Swinging Strike 0-2: Ball 1-2: Ball 2-2: DOUBLE (Flyball, 89XD, EV 103.8 MPH) Tony Conigliaro scores Bobby Bonds to third Runner from 3rd tries for Home, SAFE, no throw by CF
|
Batting: RHB Ken Reitz
|
0-0: Ball 1-0: Ball 2-0: Called Strike 2-1: Foul Ball, location: 2F 2-2: Reached on error, E9 (Flyball, 9D, EV 99.4 MPH) Ryne Sandberg scores
|
Batting: LHB Ivan Flores
|
0-0: Ball 1-0: Ball 2-0: Ball 3-0: Foul Ball, location: 2F 3-1: Base on Balls
|
Batting: LHB Rich Gedman
|
0-0: Ground out 4-3 (Groundball, 13, EV 83.1 MPH)
|
Bottom of the 1st over - 3 runs, 3 hits, 1 error, 2 left on base; Boston 0 - Seattle 3 |
TOP OF THE 2ND |
Boston Red Sox batting - Pitching for Seattle Mariners : LHP Tommy John
|
Batting: LHB Willie Aikens
|
0-0: Called Strike 0-1: SOLO HOME RUN (Flyball, 9D, EV 98.8 MPH), Distance : 402 ft
|
Batting: RHB Richie Zisk
|
0-0: Ground out U3 (Groundball, 34S, EV 80.6 MPH)
|
Batting: LHB George Brett
|
0-0: Called Strike 0-1: Ball 1-1: Foul Ball, location: 2F 1-2: DOUBLE (Groundball, 5L, EV 107.5 MPH)
|
Batting: RHB Mark Grady
|
0-0: Called Strike 0-1: SINGLE (Groundball, 6MS, EV 86.9 MPH) (infield hit) George Brett to third
|
Batting: SHB Phil Ouellette
|
0-0: Ball 1-0: Foul Ball, location: 2F 1-1: Ball 2-1: Foul Ball, location: 2F 2-2: Ball 3-2: Foul Ball, location: 2F 3-2: Foul Ball, location: 2F 3-2: Ground out 6-3 (Groundball, 6, EV 91.9 MPH) George Brett scores Mark Grady to second
|
Batting: SHB Harry Chappas
|
0-0: Ball 1-0: Called Strike 1-1: Foul Ball, location: 2F 1-2: Ball 2-2: Strikes out swinging, 2-3 out at first.
|
Top of the 2nd over - 2 runs, 3 hits, 0 errors, 1 left on base; Boston 2 - Seattle 3 |
BOTTOM OF THE 2ND |
Seattle Mariners batting - Pitching for Boston Red Sox : LHP Gary Pickert
|
Batting: LHB Glen Franklin
|
0-0: Ball 1-0: Foul Ball, location: 2F 1-1: Ball 2-1: Ball 3-1: Foul Ball, location: 2F 3-2: Fly out, F8 (Flyball, 8LXD, EV 107.5 MPH)
|
Batting: LHB Jose Perales
|
0-0: Ball 1-0: Foul Ball, location: 2F 1-1: Ball 2-1: Foul Ball, location: 2F 2-2: Ball 3-2: Base on Balls
|
Batting: LHB Mike Stenhouse
|
0-0: Ball 1-0: Swinging Strike 1-1: Swinging Strike 1-2: Strikes out looking
|
Batting: RHB Tony Conigliaro
|
0-0: Ball 1-0: Swinging Strike 1-1: Ball 2-1: DOUBLE (Line Drive, 89M, EV 95.6 MPH) Jose Perales to third Runner from 3rd tries for Home, SAFE, throw by CF to home
|
Batting: RHB Bobby Bonds
|
0-0: Called Strike 0-1: Ball 1-1: Ball 2-1: Ball 3-1: SINGLE (Line Drive, 78S, EV 88.8 MPH) Tony Conigliaro to third Runner from 3rd tries for Home, SAFE, throw by LF to home
|
Batting: RHB Ryne Sandberg
|
0-0: 2-RUN HOME RUN (Flyball, 7LD, EV 106.9 MPH), Distance : 348 ft
|
Pitching: LHP Kenneth Kollmyer
|
|
Batting: RHB Ken Reitz
|
0-0: Ball 1-0: Ball 2-0: Swinging Strike 2-1: Reached on error, E4 (Flyball, 34D, EV 73.8 MPH)
|
Batting: LHB Ivan Flores
|
0-0: Ball 1-0: Called Strike 1-1: Ball 2-1: Called Strike 2-2: Ball 3-2: Fly out, F8 (Flyball, 8RM, EV 81.3 MPH)
|
Bottom of the 2nd over - 4 runs, 3 hits, 1 error, 1 left on base; Boston 2 - Seattle 7 |
TOP OF THE 3RD |
Boston Red Sox batting - Pitching for Seattle Mariners : LHP Tommy John
|
Batting: LHB Larry Harlow
|
0-0: Foul Ball, location: 2F 0-1: Ball 1-1: SINGLE (Groundball, 56S, EV 75.0 MPH) (infield hit)
|
Batting: LHB Claudell Washington
|
0-0: Ball 1-0: Called Strike 1-1: SINGLE (Groundball, 3D, EV 107.5 MPH) Larry Harlow to second Runner from 2nd tries for 3rd, SAFE, throw by RF made to third
|
Batting: SHB Reggie Smith
|
0-0: Ball 1-0: Ball 2-0: Swinging Strike 2-1: Fly out, F8 (Flyball, 89M, EV 85.0 MPH) Runner from 3rd tags up, SCORES, throw by CF
|
Batting: LHB Willie Aikens
|
0-0: Ball 1-0: Called Strike 1-1: Ball Claudell Washington steals 2nd base 2-1: Called Strike 2-2: Strikes out swinging
|
Pitching: RHP Carlos Diaz
|
|
Batting: RHB Richie Zisk
|
0-0: Ball 1-0: Ball 2-0: Ground out 6-3 (Groundball, 6, EV 80.6 MPH)
|
Top of the 3rd over - 1 run, 2 hits, 0 errors, 1 left on base; Boston 3 - Seattle 7 |
BOTTOM OF THE 3RD |
Seattle Mariners batting - Pitching for Boston Red Sox : LHP Kenneth Kollmyer
|
Batting: LHB Rich Gedman
|
0-0: Ball 1-0: Ball 2-0: Called Strike 2-1: DOUBLE (Flyball, 8RXD, EV 94.4 MPH)
|
Batting: LHB Glen Franklin
|
0-0: Called Strike 0-1: Ball 1-1: Foul Ball, location: 2F 1-2: Ball Wild Pitch! Rich Gedman to third 2-2: Strikes out swinging
|
Batting: LHB Jose Perales
|
0-0: Ball 1-0: Ball 2-0: Ball 3-0: Called Strike 3-1: Base on Balls
|
Batting: LHB Mike Stenhouse
|
0-0: Ball 1-0: SINGLE (Groundball, 4D, EV 95.0 MPH) Rich Gedman scores Jose Perales to second Runner from 2nd tries for 3rd, SAFE, throw by CF made to third
|
Batting: RHB Tony Conigliaro
|
0-0: Foul Ball, location: 2F 0-1: Called Strike 0-2: Ball 1-2: Foul Ball, location: 2F 1-2: Ball 2-2: Foul Ball, location: 2F 2-2: Grounds into double play, 6-4-3 (Groundball, 56D, EV 105.6 MPH)
|
Bottom of the 3rd over - 1 run, 2 hits, 0 errors, 1 left on base; Boston 3 - Seattle 8 |
TOP OF THE 4TH |
Boston Red Sox batting - Pitching for Seattle Mariners : RHP Carlos Diaz
|
Batting: LHB George Brett
|
0-0: Ball 1-0: Ball 2-0: Ground out 4-3 (Groundball, 4M, EV 101.3 MPH)
|
Batting: RHB Mark Grady
|
0-0: Called Strike 0-1: Called Strike 0-2: Ball 1-2: Ball 2-2: Ball 3-2: Ground out 6-3 (Groundball, 4MS, EV 81.9 MPH)
|
Batting: SHB Phil Ouellette
|
0-0: Foul Ball, location: 2F 0-1: Ball 1-1: Swinging Strike 1-2: Strikes out swinging
|
Top of the 4th over - 0 runs, 0 hits, 0 errors, 0 left on base; Boston 3 - Seattle 8 |
BOTTOM OF THE 4TH |
Seattle Mariners batting - Pitching for Boston Red Sox : LHP Kenneth Kollmyer
|
Batting: RHB Bobby Bonds
|
0-0: Called Strike 0-1: Ball 1-1: Ball 2-1: Foul Ball, location: 2F 2-2: Foul Ball, location: 2F 2-2: Ball 3-2: Strikes out swinging
|
Batting: RHB Ryne Sandberg
|
0-0: SINGLE (Line Drive, 9S, EV 92.5 MPH)
|
Batting: RHB Ken Reitz
|
0-0: Called Strike 0-1: DOUBLE (Groundball, 5L, EV 109.4 MPH) Ryne Sandberg to third Runner from 3rd tries for Home, SAFE, no throw by LF
|
Batting: LHB Ivan Flores
|
0-0: Ball 1-0: Foul Ball, location: 2F 1-1: Ball 2-1: Called Strike 2-2: Strikes out swinging
|
Batting: LHB Rich Gedman
|
0-0: Ball 1-0: Foul Ball, location: 2F 1-1: Swinging Strike 1-2: Ball 2-2: Reached on error, E2 (Groundball, 15S, EV 66.3 MPH) Ken Reitz to third
|
Batting: LHB Glen Franklin
|
0-0: Called Strike 0-1: Swinging Strike 0-2: Foul Ball, location: 2F 0-2: Fly out, F4 (Line Drive, 4, EV 64.4 MPH)
|
Bottom of the 4th over - 1 run, 2 hits, 1 error, 2 left on base; Boston 3 - Seattle 9 |
TOP OF THE 5TH |
Boston Red Sox batting - Pitching for Seattle Mariners : RHP Carlos Diaz
|
Batting: SHB Harry Chappas
|
0-0: Ball 1-0: Called Strike 1-1: Foul Ball, location: 2F 1-2: Ball 2-2: Ground out 4-3 (Groundball, 4, EV 91.3 MPH)
|
Batting: LHB Larry Harlow
|
0-0: Ball 1-0: Ball 2-0: Called Strike 2-1: Foul Ball, location: 2F 2-2: SINGLE (Line Drive, 7S, EV 98.1 MPH)
|
Batting: LHB Claudell Washington
|
0-0: Ball 1-0: Ball 2-0: Fly out, F8 (Flyball, 8RS, EV 77.5 MPH)
|
Batting: SHB Reggie Smith
|
0-0: Called Strike 0-1: SINGLE (Line Drive, 8LS, EV 88.8 MPH) Larry Harlow to second Runner from 2nd tries for 3rd, SAFE, throw by CF made to third
|
Batting: LHB Willie Aikens
|
0-0: Ball 1-0: Ball 2-0: Ball 3-0: Base on Balls Reggie Smith to second
|
Batting: RHB Richie Zisk
|
0-0: Called Strike 0-1: Swinging Strike 0-2: Ball 1-2: Foul Ball, location: 2F 1-2: Strikes out looking
|
Top of the 5th over - 0 runs, 2 hits, 0 errors, 3 left on base; Boston 3 - Seattle 9 |
BOTTOM OF THE 5TH |
Seattle Mariners batting - Pitching for Boston Red Sox : LHP Kenneth Kollmyer
|
Pinch Hitting: RHB John Rabb
|
0-0: Swinging Strike 0-1: Foul Ball, location: 2F 0-2: Foul Ball, location: 2F 0-2: Strikes out swinging
|
Pinch Hitting: RHB Ramon Estepa
|
0-0: Called Strike 0-1: Fly out, F6 (Line Drive, 6, EV 73.1 MPH)
|
Pinch Hitting: SHB Miguel Dilone
|
0-0: Called Strike 0-1: Foul Ball, location: 2F 0-2: Ball 1-2: Foul Ball, location: 2F 1-2: Ball 2-2: Ball 3-2: SINGLE (Groundball, 6MD, EV 99.4 MPH)
|
Pinch Hitting: LHB Don Mattingly
|
0-0: Ball 1-0: Ball 2-0: Ball Wild Pitch! Miguel Dilone to second 3-0: SINGLE (Groundball, 4MD, EV 95.0 MPH) Miguel Dilone to third Runner from 3rd tries for Home, SAFE, throw by CF to home
|
Pinch Hitting: RHB Kurt Cunningham
|
0-0: Fly out, F8 (Line Drive, 8RM, EV 96.3 MPH)
|
Bottom of the 5th over - 1 run, 2 hits, 0 errors, 1 left on base; Boston 3 - Seattle 10 |
TOP OF THE 6TH |
Boston Red Sox batting - Pitching for Seattle Mariners : RHP Carlos Diaz
|
Now at 2B: Kurt Cunningham
|
|
Now at 3B: John Rabb
|
|
Now in LF: Miguel Dilone
|
|
Now in CF: Ramon Estepa
|
|
Now in RF: Don Mattingly
|
|
Batting: LHB George Brett
|
0-0: DOUBLE (Line Drive, 8RXD, EV 105.6 MPH)
|
Batting: RHB Mark Grady
|
0-0: Ball 1-0: SINGLE (Groundball, 3S, EV 94.4 MPH) George Brett to third Runner from 3rd tries for Home, SAFE, throw by RF to home Mark Grady to second
|
Batting: SHB Phil Ouellette
|
0-0: Ball 1-0: Swinging Strike 1-1: Foul Ball, location: 2F 1-2: Ball 2-2: Foul Ball, location: 2F 2-2: Foul Ball, location: 2F 2-2: Strikes out swinging
|
Batting: SHB Harry Chappas
|
0-0: Ball 1-0: Called Strike 1-1: Foul Ball, location: 2F 1-2: SINGLE (Flyball, 8LS, EV 89.4 MPH) Mark Grady to third Throwing error, E8 Mark Grady scores Harry Chappas to second
|
Pitching: RHP Timothy Jones
|
|
Pinch Hitting: RHB Tito Landrum
|
0-0: Called Strike 0-1: Foul Ball, location: 2F 0-2: Ball 1-2: Ball 2-2: Ball 3-2: Base on Balls
|
Pinch Hitting: SHB Dave Collins
|
0-0: Called Strike 0-1: Ball 1-1: Swinging Strike 1-2: Strikes out swinging
|
Batting: RHB Josh Grimes
|
0-0: Called Strike 0-1: Fly out, F8 (Line Drive, 8RD, EV 86.9 MPH)
|
Top of the 6th over - 2 runs, 3 hits, 1 error, 2 left on base; Boston 5 - Seattle 10 |
BOTTOM OF THE 6TH |
Seattle Mariners batting - Pitching for Boston Red Sox : LHP Kenneth Kollmyer
|
Pitching: RHP Tom M Carroll
|
|
Now in CF: Tito Landrum
|
|
Now in RF: Dave Collins
|
|
Batting: RHB Ken Reitz
|
0-0: Ball 1-0: Called Strike 1-1: Swinging Strike 1-2: Foul Ball, location: 2F 1-2: Ball 2-2: Ground out 4-3 (Groundball, 4, EV 94.4 MPH)
|
Batting: RHB Juan DeLiza
|
0-0: Ball 1-0: Ball 2-0: Ball 3-0: Called Strike 3-1: Base on Balls
|
Pinch Hitting: LHB Chris Wynn
|
0-0: Ball 1-0: Ball 2-0: Ball 3-0: Base on Balls Juan DeLiza to second
|
Pinch Hitting: RHB Robin Yount
|
0-0: Ball 1-0: Called Strike 1-1: Called Strike 1-2: Ball 2-2: Foul Ball, location: 2F 2-2: Ball 3-2: Fly out, F8 (Flyball, 8LXD, EV 92.5 MPH) Runner from 2nd tags up, SAFE at 3rd, no throw by CF
|
Batting: RHB John Rabb
|
0-0: Ball 1-0: Ground out 3-1 (Groundball, 23, EV 85.6 MPH)
|
Bottom of the 6th over - 0 runs, 0 hits, 0 errors, 2 left on base; Boston 5 - Seattle 10 |
TOP OF THE 7TH |
Boston Red Sox batting - Pitching for Seattle Mariners : RHP Timothy Jones
|
Now at 1B: Chris Wynn
|
|
Now at SS: Robin Yount
|
|
Pinch Hitting: LHB Steven Mobberley
|
0-0: Foul Ball, location: 2F 0-1: Ground out 4-3 (Groundball, 4, EV 85.0 MPH)
|
Pinch Hitting: SHB Albert Hall
|
0-0: Ball 1-0: Called Strike 1-1: Ball 2-1: Called Strike 2-2: SINGLE (Groundball, 5S, EV 69.4 MPH) (infield hit)
|
Pinch Hitting: SHB Nelson Norman
|
0-0: Ball 1-0: Foul Ball, location: 2F 1-1: Ball 2-1: Ball 3-1: Base on Balls Albert Hall to second
|
Pinch Hitting: RHB Luis Salazar
|
0-0: Called Strike 0-1: Foul Ball, location: 2F 0-2: Foul Ball, location: 2F 0-2: Strikes out swinging
|
Batting: SHB Phil Ouellette
|
0-0: Called Strike 0-1: Foul Ball, location: 2F 0-2: Ball 1-2: Strikes out swinging
|
Top of the 7th over - 0 runs, 1 hit, 0 errors, 2 left on base; Boston 5 - Seattle 10 |
BOTTOM OF THE 7TH |
Seattle Mariners batting - Pitching for Boston Red Sox : RHP Tom M Carroll
|
Now at 1B: Steven Mobberley
|
|
Now at 3B: Luis Salazar
|
|
Now at SS: Nelson Norman
|
|
Now in LF: Albert Hall
|
|
Batting: RHB Ramon Estepa
|
0-0: Ball 1-0: Foul Ball, location: 2F 1-1: Foul Ball, location: 2F 1-2: SINGLE (Line Drive, 7LS, EV 88.1 MPH)
|
Batting: SHB Miguel Dilone
|
0-0: Fielders Choice at 2nd, 4-6 (Groundball, 34D, EV 84.4 MPH)
|
Batting: LHB Don Mattingly
|
0-0: Ball 1-0: Ball 2-0: Foul Ball, location: 2F 2-1: Foul Ball, location: 2F 2-2: Ball 3-2: Strikes out swinging
|
Batting: RHB Kurt Cunningham
|
0-0: Ball Miguel Dilone steals 2nd base 1-0: Fly out, F7 (Flyball, 7, EV 86.3 MPH)
|
Bottom of the 7th over - 0 runs, 1 hit, 0 errors, 1 left on base; Boston 5 - Seattle 10 |
TOP OF THE 8TH |
Boston Red Sox batting - Pitching for Seattle Mariners : RHP Timothy Jones
|
Pinch Hitting: SHB Scotti Madison
|
0-0: Ball 1-0: Swinging Strike 1-1: Swinging Strike 1-2: Strikes out looking
|
Batting: RHB Tito Landrum
|
0-0: Called Strike 0-1: Swinging Strike 0-2: Strikes out looking
|
Batting: SHB Dave Collins
|
0-0: Called Strike 0-1: Ball 1-1: Ball 2-1: Ground out 4-3 (Groundball, 4S, EV 71.3 MPH)
|
Top of the 8th over - 0 runs, 0 hits, 0 errors, 0 left on base; Boston 5 - Seattle 10 |
BOTTOM OF THE 8TH |
Seattle Mariners batting - Pitching for Boston Red Sox : RHP Tom M Carroll
|
Now at 2B: Scotti Madison
|
|
Batting: RHB Ken Reitz
|
0-0: Ground out 6-3 (Groundball, 6, EV 80.6 MPH)
|
Batting: RHB Juan DeLiza
|
0-0: Ball 1-0: Ball 2-0: Foul Ball, location: 2F 2-1: Foul Ball, location: 2F 2-2: Ball 3-2: Base on Balls
|
Pitching: LHP Gary Perritt
|
|
Batting: LHB Chris Wynn
|
0-0: Ball 1-0: Swinging Strike 1-1: Reached on error, E4 (Groundball, 4, EV 81.3 MPH) Juan DeLiza to second
|
Batting: RHB Robin Yount
|
0-0: Swinging Strike 0-1: Called Strike 0-2: Strikes out swinging
|
Batting: RHB John Rabb
|
0-0: Called Strike 0-1: Swinging Strike 0-2: Foul Ball, location: 2F 0-2: SINGLE (Flyball, 7LS, EV 94.4 MPH) Juan DeLiza to third Chris Wynn to second Runner from 3rd tries for Home, SAFE, throw by LF to home
|
Batting: RHB Ramon Estepa
|
0-0: DOUBLE (Groundball, 3D, EV 106.9 MPH) Chris Wynn scores John Rabb to third Runner from 3rd tries for Home, SAFE, throw by RF to home
|
Batting: SHB Miguel Dilone
|
0-0: Fly out, F7 (Flyball, 7, EV 86.3 MPH)
|
Bottom of the 8th over - 3 runs, 2 hits, 1 error, 1 left on base; Boston 5 - Seattle 13 |
TOP OF THE 9TH |
Boston Red Sox batting - Pitching for Seattle Mariners : RHP Timothy Jones
|
Pitching: RHP Dick Bosman
|
|
Batting: RHB Josh Grimes
|
0-0: Ball 1-0: Ground out 1-3 (Groundball, 15, EV 70.6 MPH)
|
Batting: LHB Steven Mobberley
|
0-0: Called Strike 0-1: Swinging Strike 0-2: Strikes out swinging
|
Batting: SHB Albert Hall
|
0-0: Ball 1-0: Ball 2-0: Called Strike 2-1: Foul Ball, location: 2F 2-2: Foul Ball, location: 2F 2-2: SINGLE (Groundball, 4D, EV 104.4 MPH)
|
Batting: SHB Nelson Norman
|
0-0: Called Strike 0-1: Foul Ball, location: 2F 0-2: Ground out 5-3 (Groundball, 5S, EV 88.1 MPH)
|
Top of the 9th over - 0 runs, 1 hit, 0 errors, 1 left on base; Boston 5 - Seattle 13 |
|